 Dungeon Sprint DCSS version 0.30.1-9-gdf580d7c3d (webtiles) character file.

Game seed: 13520212178146510734

387 Heoruswealwe the Spear-Bearer (level 6, -2/63 HPs)
             Began as a Minotaur Fighter on Oct 25, 2023.
             Was an Initiate of Gozag.
             Slain by a troll (4 damage)
             ... in the Dungeon (Sprint IX: "|||||||||||||||||||||||||||||").
             The game lasted 00:02:06 (188 turns).

Heoruswealwe the Spear-Bearer (Minotaur Fighter)     Turns: 188, Time: 00:02:07

Health: -2/63      AC: 15    Str: 23    XL:     6   Next: 49%
Magic:  5/5        EV:  9    Int:  5    God:    Gozag
Gold:   0          SH:  0    Dex:  9    Spells: 5/5 levels left

rFire   . . .        b - +2 halberd (venom)
rCold   . . .        (shield currently unavailable)
rNeg    . . .        c - +0 plate armour
rPois   .            (helmet restricted)
rElec   .            (no cloak)
rCorr   .            f - +0 pair of gloves
SInv    .            (no boots)
Will    .....        (no amulet) Stlth
                     k - +2 ring of evasion
HPRegen 0.30/turn    (no ring)
MPRegen 0.09/turn

%: no teleportation
@: gold aura
A: horns 2, retaliatory headbutt
a: Renounce Religion, Potion Petition, Call Merchant, Bribe Branch


You were in the Dungeon.
You worshipped Gozag.
Gozag was noncommittal.
You visited 1 branch

Inventory:

Hand Weapons
 a - a +0 trident
 b - a +2 halberd of venom (weapon)
Armour
 c - a +0 plate armour (worn)
 d - a +0 buckler
 f - a +0 pair of gloves (worn)
Jewellery
 k - a +2 ring of evasion (left hand)
Wands
 h - a wand of quicksilver (10)
Scrolls
 j - 2 scrolls of blinking
Potions
 e - 5 potions of curing
 g - a potion of haste
 i - a potion of berserk rage
 m - a potion of might


   Skills:
 + Level 9.2 Fighting
 * Level 12.0 Polearms
 + Level 9.2 Armour
 - Level 3.6 Shields


You had 5 spell levels left.
You didn't know any spells.
Your spell library was empty.

Dungeon Overview and Level Annotations

Branches:
Dungeon (1/1)

Altars:
Cheibriados
Dithmenos
Elyvilon
Fedhas
Gozag
Hepliaklqana
Kikubaaqudgha
Makhleb
Nemelex Xobeh
Okawaru
Qazlal
Ru
Sif Muna
Trog
Uskayaw
Vehumet
Wu Jian
Xom
Yredelemnul
Zin
The Shining One
Jiyva
Lugonu


Innate Abilities, Weirdness & Mutations

You have a pair of horns on your head.
You reflexively headbutt those who attack you in melee.


Message History

The troll is heavily wounded.
The two-headed ogre is distracted by your dazzling golden aura.
The troll bites you but does no damage. The troll claws you but does no damage.
The troll claws you.
You closely miss the troll.
The troll is heavily wounded.
The troll bites you but does no damage. The troll claws you but does no damage.
The troll claws you.
The two-headed ogre shouts in stereo!
You puncture the troll!
The troll is severely wounded.
The troll bites you! The troll claws you!
* * * LOW HITPOINT WARNING * * *
The troll claws you but does no damage.
You feel much better. The troll bites you but does no damage.
The troll claws you. x2
You barely miss the troll.
The troll is severely wounded.
The acid dragon is no longer distracted by gold.
The troll closely misses you. The troll claws you!
* * * LOW HITPOINT WARNING * * *
The troll claws you.
* * * LOW HITPOINT WARNING * * *
You barely miss the troll.
The troll is severely wounded.
The troll bites you.
* * * LOW HITPOINT WARNING * * *
The troll claws you.
* * * LOW HITPOINT WARNING * * *
The troll claws you but does no damage.
You closely miss the troll.
The troll is severely wounded.
The two-headed ogre is no longer distracted by gold.
You barely miss the troll.
The troll is severely wounded.
The troll bites you!
* * * LOW HITPOINT WARNING * * *
The troll claws you but does no damage. The troll claws you.
You die...
Your body crumbles into a pile of gold. ▓▓▓▓▓▓▓▓▓▓▓▓▓▓▓▓▓▓▓▓▓▓▓▓ _______'!?)[[=..@TOO.Dh. ▓▓▓▓▓▓▓▓▓▓▓▓▓▓▓▓▓▓▓▓▓▓▓▓ $ $ $ $$$$$$ $$$$$ $ $ $ $$$$$

You could see 2 two-headed ogres, a troll, an acid dragon and a howler monkey.

Vanquished Creatures
  A komodo dragon (D)
  An ice beast (D)
  A hound (D)
  2 shadow imps (D)
  An orc (D)
  A ball python (D)
  A quokka (D)
  2 bats (D)
  A frilled lizard (D)
11 creatures vanquished.

Notes
Turn   | Place    | Note
-------+----------+-------------------------------------------
     0 | D        | Heoruswealwe the Minotaur Fighter began the quest for the
                  | Orb.
     0 | D        | Reached XP level 1. HP: 19/19 MP: 0/0
     7 | D        | Reached skill level 3 in Polearms
    24 | D        | Noticed a hound
    24 | D        | Noticed an ice beast
    34 | D        | Killed a hound
    35 | D        | Reached skill level 5 in Fighting
    35 | D        | Reached skill level 5 in Polearms
    35 | D        | Reached skill level 5 in Armour
    35 | D        | Reached XP level 2. HP: 8/29 MP: 1/1
    35 | D        | Reached XP level 3. HP: 10/36 MP: 2/2
    41 | D        | Killed an ice beast
    42 | D        | Reached skill level 8 in Polearms
    42 | D        | Reached XP level 4. HP: 16/45 MP: 3/3
    51 | D        | Reached XP level 5. HP: 17/52 MP: 4/4
    57 | D        | Found a snail-covered altar of Cheibriados.
    57 | D        | Found a shadowy altar of Dithmenos.
    57 | D        | Found a white marble altar of Elyvilon.
    57 | D        | Found a blossoming altar of Fedhas.
    57 | D        | Found an opulent altar of Gozag.
    58 | D        | Found a hazy altar of Hepliaklqana.
    59 | D        | Found a viscous altar of Jiyva.
    60 | D        | Found an ancient bone altar of Kikubaaqudgha.
    61 | D        | Found a corrupted altar of Lugonu.
    62 | D        | Found a burning altar of Makhleb.
    63 | D        | Found a sparkling altar of Nemelex Xobeh.
    64 | D        | Found an iron altar of Okawaru.
    65 | D        | Became a worshipper of Gozag Ym Sagoz the Greedy
    66 | D        | Found a stormy altar of Qazlal.
    67 | D        | Found a sacrificial altar of Ru.
    68 | D        | Found a shimmering blue altar of Sif Muna.
    69 | D        | Found a bloodstained altar of Trog.
    70 | D        | Found a hide-covered altar of Uskayaw.
    71 | D        | Found a radiant altar of Vehumet.
    72 | D        | Found an ornate altar of the Wu Jian Council.
    73 | D        | Found a shimmering altar of Xom.
    74 | D        | Found a basalt altar of Yredelemnul.
    75 | D        | Found a glowing silver altar of Zin.
    76 | D        | Found a glowing golden altar of the Shining One.
   176 | D        | Noticed a komodo dragon
   176 | D        | Noticed a troll
   176 | D        | Noticed a two-headed ogre
   176 | D        | Noticed a two-headed ogre
   176 | D        | Noticed an acid dragon
   180 | D        | Killed a komodo dragon
   181 | D        | Reached skill level 12 in Polearms
   181 | D        | Reached XP level 6. HP: 34/63 MP: 5/5
   188 | D        | HP: 2/63 [troll (7)]
   188 | D        | Slain by a troll

Illustrated notes

Levels and vault maps discovered:
D:        linesprint [early_d, line_temple, items_1, d_10, items_2, lair_1,
          lair_end, items_3, orc_1, orc_end, items_4, d_15, swamp_1, shoals_1,
          snake_1, spider_1, d_20, vaults_1, items_5, swamp_end, shoals_end,
          snake_end, spider_end, vaults_end, d_27, items_6, zot_1, zot_end,
          crypt_end, forest_end, elf_end, slime_end, tomb_end, abyss_end,
          pan_hell_end]

Skill      XL: |  1  2  3  4  5 |
---------------+----------------+-----
Polearms       | 5 8 12 | 12.0
Fighting       | 5 6 7 9 |  9.2
Armour         | 5 6 7 9 |  9.2
Shields        | |  3.6

Action                     |  1- 3 |  4- 6 || total
---------------------------+-------+-------++-------
  Melee: Trident           |    29 |     9 ||    38
         Headbutt          |     4 |     3 ||     7
         Halberd           |       |    10 ||    10
    Use: Potion            |     1 |     2 ||     3
 Armour: Scale mail        |    11 |       ||    11
         Plate armour      |       |     9 ||     9
  Dodge: Dodged            |    17 |     4 ||    21
  Block: Buckler           |     7 |       ||     7
